AoeStats
← Efthiron

Arabia

504339698Analyzed
1v1 RM · 29d ago on Sep 4, 2026· 33m 56s· 2 players
Game mode
Random Map
Map size
Tiny (2 player)
Population
200
Speed
Normal
Resources
Standard
Victory
Conquest
Starting age
Dark Age
Ending age
Imperial Age
RankedLock teamsTeams togetherTeam positionsShared explorationLock speedFull tech treeHidden civsTurbo modeCheats
Victory
Defeat
🇧🇷 Lithuanians · Brazil
1210
+18
🇲🇽 Mongols · Mexico
1250
-18
Manoo
6:37 Loom
9:14 Feudal Age
9:18 Man-at-Arms
11:50 Town Watch
22:59 Castle Age
21:52 Forging
22:05 Scale Barding Armor
22:50 Bloodlines
22:36 Double-Bit Axe
22:32 Horse Collar
23:54 Husbandry
26:10 Iron Casting
26:29 Pikeman
27:10 Squires
27:40 Scale Mail Armor
29:49 Chain Mail Armor
Efthiron
5:50 Loom
8:22 Feudal Age
9:29 Double-Bit Axe
18:59 Wheelbarrow
23:08 Castle Age
22:02 Bloodlines
23:10 Scale Barding Armor
23:15 Forging
24:16 Bow Saw
23:58 Town Watch
31:39 Chain Barding Armor
Connection lost

Rejoining the realm…

Still unreachable

The connection could not be restored.

Session expired

The server has moved on; the page needs a fresh start.